 Dungeon Crawl Stone Soup version 0.27.1-3-gb3d3a73c9e (webtiles) character file.

Game seed: 2794463287261469401

30 DearestLeader the Fighter (level 3, -7/38 HPs)
             Began as a Gnoll Wanderer on Oct 25, 2021.
             Mangled by Sigmund (13 damage)
             ... on level 2 of the Dungeon.
             The game lasted 00:03:05 (1493 turns).

DearestLeader the Fighter (Gnoll Wanderer)          Turns: 1493, Time: 00:03:06

Health: -7/38      AC:  3    Str: 13    XL:     3   Next: 18%
Magic:  3/3        EV: 11    Int: 17    God:
Gold:   61         SH:  0    Dex: 10    Spells: 3/3 levels left

rFire    . . .     SeeInvis .   a - +2 hand crossbow
rCold    . . .     Faith    .   (no shield)
rNeg     . . .     Spirit   .   k - +0 leather armour
rPois    .         Reflect  .   (no helmet)
rElec    .         Harm     .   (no cloak)
rCorr    .         Rampage  .   (no gloves)
Will     .....                  (no boots)
Stlth    +.........             (no amulet)
HPRegen  0.12/turn              l - +6 ring of intelligence
MPRegen  0.08/turn              (no ring)

@: no status effects
A: fangs 1, strong nose, distributed training
a: no special abilities


You were on level 2 of the Dungeon.
You visited 1 branch of the dungeon, and saw 2 of its levels.

You collected 61 gold pieces.

Inventory:

Hand Weapons
 a - a +2 hand crossbow (weapon)
 g - a +0 dagger
 h - a +0 short sword of distortion
Missiles
 b - 8 bolts (quivered ammo)
Armour
 d - a +0 robe
 k - a +0 leather armour (worn)
Jewellery
 l - a +6 ring of intelligence (left hand)
Scrolls
 c - 2 scrolls of teleportation
 e - 4 scrolls of identify {unknown}
 f - a scroll of immolation {unknown}
 i - a scroll of amnesia {unknown}
 j - a scroll of holy word {unknown}


   Skills:
 + Level 8.5 Fighting
 + Level 0.6 Short Blades
 + Level 0.6 Long Blades
 + Level 0.6 Axes
 + Level 0.6 Maces & Flails
 + Level 0.6 Polearms
 + Level 0.6 Staves
 + Level 0.6 Slings
 + Level 0.6 Bows
 + Level 4.5 Crossbows
 + Level 2.5 Throwing
 + Level 4.5 Armour
 + Level 0.6 Dodging
 + Level 0.6 Stealth
 + Level 2.5 Shields
 + Level 0.6 Unarmed Combat
 + Level 0.6 Spellcasting
 + Level 0.4 Conjurations
 + Level 0.4 Hexes
 + Level 0.4 Summonings
 + Level 0.4 Necromancy
 + Level 0.4 Translocations
 + Level 0.4 Transmutations
 + Level 0.4 Fire Magic
 + Level 0.4 Ice Magic
 + Level 0.4 Air Magic
 + Level 0.4 Earth Magic
 + Level 0.4 Poison Magic
 + Level 0.8 Invocations
 + Level 0.6 Evocations


You had 3 spell levels left.
You didn't know any spells.
Your spell library was empty.

Dungeon Overview and Level Annotations

Branches:
Dungeon (2/15)

Altars:

Annotations:
D:2 Sigmund


Innate Abilities, Weirdness & Mutations

You have very sharp teeth.
Your uncanny sense of smell can sniff out nearby items.
Your experience applies equally to all skills.


Message History

You hear a zap.
You hear a grinding noise.
Sigmund appears from thin air!
Reactivating autopickup.
You bump into the rock wall.
Non-targeted confused fire: 15 bolts
Press: ? - help, Q - select action Dir - look around, f - activate You shoot a bolt.
You feel less confused.
Sigmund mumbles some strange words.
Sigmund flickers and vanishes!
Deactivating autopickup; reactivate with Ctrl-A.
There is a stone staircase leading down here.
Fire: 14 bolts
Press: ? - help, Q - select action Shift-Dir - straight line You shoot a bolt.
Fire: 13 bolts
Press: ? - help, Q - select action Shift-Dir - straight line You shoot a bolt.
Fire: 12 bolts
Press: ? - help, Q - select action Shift-Dir - straight line You shoot a bolt.
Something hits you.
Fire: 11 bolts
Press: ? - help, Q - select action Shift-Dir - straight line You shoot a bolt.
Something hits you.
Fire: 10 bolts
Press: ? - help, Q - select action Shift-Dir - straight line You shoot a bolt.
You hear some strange, mumbled words.
A puff of flame appears from out of thin air!
The puff of flame hits you.
Fire: 9 bolts
Press: ? - help, Q - select action Shift-Dir - straight line You shoot a bolt.
Something hits you!
* * * LOW HITPOINT WARNING * * *
Unknown command.
Something hits you!
You die...

....≈≈≈≈≈≈.......#.##.####..#
................(..(......#.#
♣♣..........♣♣........{.....#####
.♣..........♣..#..###.#.#.#.##...
.........(........# #..##.#......
.......♣.....##...# #.###.#......
##....♣8♣....##.{.##..###.#...♣♣.
##...............###...#.#....♣.
#.............@.#####.#.#..♣♣.♣
#............##..............♣.
#########....########.#.#......
#....# #............ #....#
#.#.#....#.#. #....#
#.#.###...... ######## #....#
#.#.......... .......#
#.#########.#...#...... ..####.#
#......................


There were no monsters in sight!

Vanquished Creatures
  2 endoplasms (D:1)
  4 goblins (D:1)
  2 hobgoblins (D:1)
  6 kobolds
  3 ball pythons (D:1)
  6 bats (D:1)
  3 frilled lizards (D:1)
  5 rats (D:1)
31 creatures vanquished.

Notes
Turn   | Place    | Note
-------+----------+-------------------------------------------
     0 | D:1      | DearestLeader the Gnoll Wanderer began the quest for the
                  | Orb.
     0 | D:1      | DearestLeader set off with the following items: a +2 hand
                  | crossbow, 25 bolts, 2 scrolls of teleportation, a +0 robe
     0 | D:1      | Reached XP level 1. HP: 26/26 MP: 1/1
    94 | D:1      | Reached XP level 2. HP: 33/33 MP: 2/2
   705 | D:1      | Reached XP level 3. HP: 10/38 MP: 3/3
  1429 | D:2      | Noticed Sigmund
  1493 | D:2      | Mangled by Sigmund

Illustrated notes

Levels and vault maps discovered:
D:1:      dpeg_arrival_simpleton_b, layout_loops_ring, minmay_tripent
D:2:      layout_basic, ebering_ecumenical_altar_rust, serial_shops, shop,
          kennysheep_decorative_pillar, chequers_garden,
          hangedman_decor_opposing, uniq_sigmund

Action                   || total
-------------------------++-------
Melee: Dagger            ||    34
       Bite              ||     1
 Fire: Hand crossbow     ||    72
Armor: Leather armour    ||    17
       Robe              ||     9
Dodge: Dodged            ||    46
